 Dungeon Crawl Stone Soup version 0.31-a0-614-gc85dc1c48c (webtiles) character file.

Game seed: 6727703826710604086

77 Ijustatesigmund the Stinger (level 4, -1/29 HPs)
             Began as an Octopode Venom Mage on Aug 22, 2023.
             Killed from afar by Sigmund (7 damage)
             ... with a magic dart
             ... on level 3 of the Dungeon.
             The game lasted 00:03:49 (2357 turns).

Ijustatesigmund the Stinger (Octopode Venom Mage)   Turns: 2357, Time: 00:03:51

Health: -1/29      AC:  1    Str:  7    XL:     4   Next: 33%
Magic:  5/7        EV: 13    Int: 19    God:
Gold:   60         SH:  0    Dex: 12    Spells: 2/8 levels left

rFire   . . .        b - +0 short sword (flame)
rCold   . . .        (no shield)
rNeg    . . .        (helmet restricted)
rPois   .            (no amulet)
rElec   .            (no ring)
rCorr   .            (no ring)
SInv    .            (no ring)
Will    +....        (no ring)
Stlth   ++           (no ring)
HPRegen 0.24/turn    (no ring)
MPRegen 0.10/turn    (no ring)
                     (no ring)

%: no passive effects
@: confused, enlightened, flying
A: almost no armour, amphibious, 8 rings, camouflage 1, gelatinous body 1,
(nimble swimmer 1), tentacles
a: no special abilities


You were on level 3 of the Dungeon.
You visited 1 branch of the dungeon, and saw 3 of its levels.

You collected 102 gold pieces.
You spent 42 gold pieces at shops.

Inventory:

Hand Weapons
 b - a +0 short sword of flaming (weapon)
Missiles
 d - a throwing net
Scrolls
 c - 3 scrolls of teleportation
Potions
 a - a potion of magic


   Skills:
 + Level 1.6 Fighting
 - Level 2.0 Dodging
 - Level 2.6 Stealth
 + Level 2.6 Spellcasting
 + Level 0.9 Conjurations
 - Level 1.0 Transmutations
 + Level 1.1 Air Magic
 + Level 4.4 Poison Magic


You had 2 spell levels left.
You knew the following spells:

 Your Spells              Type           Power      Damage    Failure   Level
a - Sting                 Tmut/Pois      48%        1d5       5%          1
b - Poisonous Vapours     Pois/Air       26%        N/A       8%          2
c - Mephitic Cloud        Conj/Pois/Air  10%        N/A       19%         3

Your spell library contained the following spells:

 Spells                   Type           Power      Damage    Failure   Level
 Momentum Strike          Conj/Tloc      8%         3d8       21%         2
 Blink                    Tloc           4%         N/A       24%         2
 Lesser Beckoning         Tloc           4%         N/A       24%         2
 Olgreb's Toxic Radiance  Pois           19%        N/A       26%         4


Dungeon Overview and Level Annotations

Branches:
Dungeon (3/15)

Altars:
Nemelex Xobeh

Shops:
D:2 *!*

Annotations:
D:3 Sigmund


Innate Abilities, Weirdness & Mutations

You cannot wear most types of armour.
You are amphibious.
You can wear up to eight rings at the same time.
Your skin changes colour to match your surroundings (Stealth+).
Your rubbery body absorbs attacks. (AC +1, EV +1)
((You are camouflaged when in or above water. (Stealth+)))
You have tentacles for arms and can constrict up to eight enemies at once.


Message History

Aim: Sigmund, wielding a +0 scythe and wearing a +0 robe (asleep) Poisonous vapours surround Sigmund!
Sigmund is poisoned.
Sigmund shouts!
You hear a shout!
Sigmund hits you from afar with a +0 scythe.
A goblin comes into view. It is wielding a +0 club.
You closely miss Sigmund. You grab Sigmund.
Sigmund is lightly wounded.
You constrict Sigmund. Sigmund casts a spell at you.
You are confused.
You are too confused!
You are too confused!
You are too confused!
You are too confused!
You are too confused!
You are too confused!
You are too confused!
You are too confused!
You hit Sigmund. You burn Sigmund.
Sigmund is moderately wounded.
You constrict Sigmund. Sigmund gestures at you while chanting.
The magic dart hits you!
You completely miss Sigmund.
Sigmund is moderately wounded.
You constrict Sigmund. Sigmund closely misses you.
The goblin barely misses you.
You hit Sigmund but do no damage.
Sigmund is heavily wounded.
You constrict Sigmund.
Sigmund points at you and mumbles some strange words.
The puff of flame hits you! The goblin hits you with a +0 club.
* * * LOW HITPOINT WARNING * * *
It was a potion of enlightenment.
You feel very buoyant.
You fly up into the air.
You constrict Sigmund.
Sigmund looks more healthy.
Sigmund casts a spell at you. The magic dart hits you!
You die...
Sigmund begins carving another notch in his scythe.

.##>.########
.##..........
...#
.##.[.#######
#..# ..###.#
#..# ..# #.#
#..# ..# #.#
#..# ..# #.#
####..####
..# #.#
#.....g..####
#.# #.#
#.@@......
#.#
##.###.####
#.# #...#
#.#.# #.#
#...# ..#
##.## ### #.#
#.# #######.#


You could see Sigmund and a goblin.

Vanquished Creatures
  3 adders
  3 ball pythons
  6 endoplasms
  5 giant cockroaches
  3 goblins
  6 hobgoblins
  3 jackals (D:1)
  2 kobolds (D:2)
  5 bats
  5 frilled lizards
  3 rats
44 creatures vanquished.

Notes
Turn   | Place    | Note
-------+----------+-------------------------------------------
     0 | D:1      | Ijustatesigmund the Octopode Venom Mage began the quest for
                  | the Orb.
     0 | D:1      | Reached XP level 1. HP: 11/11 MP: 3/3
   213 | D:1      | Reached XP level 2. HP: 18/18 MP: 3/5
   376 | D:1      | Reached skill level 1 in Fighting
   376 | D:1      | Reached skill level 4 in Poison Magic
   379 | D:1      | Learned a level 2 spell: Poisonous Vapours
   752 | D:1      | Reached XP level 3. HP: 23/23 MP: 4/6
   756 | D:1      | Learned a level 3 spell: Mephitic Cloud
   913 | D:1      | Found a faded altar of an unknown god.
  1198 | D:2      | Found Sihih's Distillery.
  1244 | D:2      | Bought a potion of curing for 42 gold pieces
  1600 | D:2      | Reached skill level 1 in Air Magic
  1600 | D:2      | Reached XP level 4. HP: 11/28 MP: 5/7
  1724 | D:2      | Found Favudipp's General Store.
  1835 | D:2      | Found a sparkling altar of Nemelex Xobeh.
  2026 | D:2      | Found Jenojaso's General Store.
  2350 | D:3      | Noticed Sigmund
  2357 | D:3      | Killed from afar by Sigmund

Illustrated notes

Levels and vault maps discovered:
D:1:      dpeg_arrival_arbitrary_c, layout_loops_ring,
          chequers_ecumenical_altar_grove
D:2:      layout_basic, serial_shops, shop, nicolae_shop_just_a_little_nook,
          shop, basic_altar
D:3:      layout_loops_ring, mainiacjoe_overflow_boulevard,
          ebering_dispersal_statue_hall, grunt_decor_cap, serial_park_tiny_1,
          nrook_mini_vaults, uniq_sigmund, uniq_crazy_yiuf_cottage

Skill      XL: |  1  2  3 |
---------------+----------+-----
Fighting       | 1 |  1.6
Poison Magic   | 4 |  4.4
Air Magic      | 1 |  1.1
Dodging        | |  2.0
Stealth        | |  2.6
Spellcasting   | |  2.6
Conjurations   | |  0.9
Transmutations | |  1.0

Action                     |  1- 3 |  4- 6 || total
---------------------------+-------+-------++-------
  Melee: Mace              |    56 |       ||    56
         Constrict         |    13 |     3 ||    16
         Tentacles         |     9 |     2 ||    11
         Unarmed           |     1 |       ||     1
         Short sword       |     8 |    14 ||    22
   Cast: Sting             |     6 |       ||     6
         Poisonous Vapours |    14 |     5 ||    19
    Use: Potion            |     4 |     1 ||     5
         Scroll            |     2 |       ||     2
   Stab: Sleeping          |     3 |       ||     3
 Armour: Skin              |     5 |     1 ||     6
  Dodge: Dodged            |    53 |     8 ||    61

Table legend: (Time is in decaauts)
 A = Elapsed time spent in this place.
 B = Non-inter-level travel time spent in this place.
 C = Inter-level travel time spent in this place.
 D = Time resting spent in this place.
 E = Time spent auto-exploring this place.
 F = Levels seen in this place.
 G = Mean time per level.
                   A        B        C        D        E       F      G
               +--------+--------+--------+--------+--------+-----+--------+
         Total |   2377 |   2320 |     57 |    342 |   1662 |   3 |  792.3 |
       Dungeon |   2377 |   2320 |     57 |    342 |   1662 |   3 |  792.3 |
               +--------+--------+--------+--------+--------+-----+--------+

Top non-repeatable levels by time:
     D:2: 1146 daAuts
     D:1: 1081 daAuts
     D:3: 149 daAuts
